Unix NetHack Version 5.0.0-0 post-release - last build May 31 2026 23:59:36 (970b52f25bf058293b47ddfd14a1e40e571c508c,branch:main).

Game began 2026-06-01 14:03:28, ended 2026-06-01 14:28:13.

DaveT, lawful male human Priest

                                                               ----
                                                     ----      |.*--     ----
               ------  -----  ---      ------  -------..--------...--- ---..|
               -..........+.............................[...|........--|....--
                  -- -------          -----........ --.f--............--.....|
                                         -.......    --@|--...-.-............|
                                        |......       |.| ---.^..-........----
                                        --...         |.--  ---....--.....|
                                         -.           |..|   -....------..--
                                                      |..||......--    --..--
                                                      ------.--..|--------..|
                                             -.-     -------- ----|..|..|...--
                                              -.# -##-)..).|     --..........|
                                              ##.##...))))^--   --...........--
                                               --..[.--.)...-----.............|
                                                |....||.......|..............--
                                                ---.----.......^--...........|
                                                  |.   ---.---.----....---...|
                                                  |.     --- ---  ---..| -----
                                                  --                ----

DaveT the Adept              St:15 Dx:12 Co:15 In:9 Wi:18 Ch:12  Lawful
Dlvl:8  $:4301 HP:0(54) Pw:105(119) AC:4  Xp:7 T:4333  Burdened

Latest messages:
 C - a key.
 A bear trap closes on your foot!
 You rebalance your load.  Movement is difficult.
 You are caught in a bear trap.
 You are caught in a bear trap.
 You are caught in a bear trap.
 You are caught in a bear trap.
 You finally wriggle free.
 Your leg feels better.
 Your movements are only slowed slightly by your load.
 You feel strong!
 You must have been exercising diligently.
 You feel agile!
 You must have been working on your reflexes.
 The gecko bites!
 You kill the gecko!
 Rukogruku of Ogothagor hits!
 You hit Rukogruku of Ogothagor!
 Rukogruku of Ogothagor hits!
 You kill Rukogruku of Ogothagor!
 There are several objects here.
 You have a little trouble lifting $ - 25 gold pieces (4301 in total).
 k - 3 cloves of garlic (4 in total).
 t - a cursed scroll of identify (2 in total).
 H - a shiny ring.
 You have a little trouble lifting I - a red-eyed shield.
 What do you want to wear? [cI or ?*] I
 You are now wearing a red-eyed shield.
 What do you want to drop? [$a-dfgj-zB-KNQSU-WYZ or ?*] c
 You drop a burnt +0 small shield.
 The panther hits!
 The panther hits again!
 The panther bites!
 You hit the panther!
 The panther hits!
 The panther misses!
 The panther bites!
 You hit the panther!
 The panther hits!
 The panther hits again!
 The panther bites!
 The panther hits!
 The panther hits again!
 The panther misses!
 The panther hits!
 The panther hits again!
 The panther bites!
 You die...
 Do you want your possessions identified? [ynq] (y) y
 Do you want to see your attributes? [ynq] (y) q

Inventory:
 Coins    ('$')
  $ - 4301 gold pieces
 Amulets  ('"')
  W - a cursed amulet of strangulation
 Weapons  (')')
  S - 30 +0 darts
  K - a blessed +0 dagger (at the ready)
  y - 5 +1 daggers
  r - 4 +0 daggers
  q - a blessed +1 orcish dagger
  G - a +0 aklys
  a - a blessed +1 mace (weapon in right hand)
 Armor    ('[')
  I - a +0 orcish shield (being worn)
  b - a +0 robe (being worn)
  Q - a +0 ring mail (being worn)
 Comestibles  ('%')
  k - 4 cloves of garlic
  x - 2 food rations
  f - a sprig of wolfsbane
 Scrolls  ('?')
  s - a cursed scroll of destroy armor
  j - a scroll of enchant weapon
  U - a scroll of food detection
  t - 2 cursed scrolls of identify
 Spellbooks  ('+')
  g - a spellbook of detect monsters
  n - a spellbook of detect monsters
  m - a spellbook of healing
  o - a spellbook of healing
 Potions  ('!')
  B - a cursed potion of acid
  z - a potion of monster detection
  d - 4 potions of holy water
 Rings    ('=')
  H - a ring of teleport control
 Wands    ('/')
  N - a wand of digging (0:4)
  w - a wand of enlightenment (0:11)
  E - a wand of make invisible (0:5)
  F - a wand of opening (0:0)
 Tools    ('(')
  l - an empty sack
  V - a credit card
  u - a +0 pick-axe
  C - a skeleton key
  Y - 4 tallow candles
  J - a cursed tallow candle
  Z - 2 wax candles
 Gems/Stones  ('*')
  v - a chrysoberyl stone
  D - a worthless piece of orange glass
  p - 3 worthless pieces of yellow glass

DaveT the Priest's attributes:

Background:
 You were an Adept, a level 7 human Priest.
 You were lawful, nominally on a mission for Tyr
 who was opposed by Odin (neutral) and Loki (chaotic).
 You were right-handed.
 You were in the Gnomish Mines, on level 8.
 You entered the dungeon 4333 turns ago.
 There was a full moon in effect when your adventure ended.
 You had 767 experience points, 513 more were needed to attain level 8.

Basics:
 You had 0 out of 54 hit points.
 You had 105 out of 119 energy points (spell power).
 Your armor class was 4.
 Your wallet contained 4301 zorkmids.
 Autopickup was off.

Final Characteristics:
 Your strength was 15 (limit:18/100).
 Your dexterity was 12 (limit:18).
 Your constitution was 15 (limit:18).
 Your intelligence was 9 (limit:18).
 Your wisdom was 18 (limit:18).
 Your charisma was 12 (limit:18).

Final Status:
 You weren't hungry.
 You were burdened; movement was slightly slowed.
 You were wielding a mace.
 You were skilled in mace and could have enhanced that.

Final Attributes:
 You were piously aligned.
 You were guarded.
 Your spell casting was impaired by metallic armor, mitigated by your robe.
 You were lucky.
 You are dead.

Miscellaneous:
 You didn't encounter any bones levels.
 Total elapsed playing time was 24 minutes and 44 seconds.

Major events:
 Turn
    1: DaveT the lawful human Priest entered the dungeon
  523: attained the rank of Acolyte (level 3)
 1480: entered the Gnomish Mines
 2366: reached Mine Town
 2911: attained the rank of Adept (level 6)
 4333: killed by a panther

Spells:
 Name                 Level Category     Fail Retention
 detect monsters        1   divination    91%  76%-100%
 extra healing          3   healing      100%  76%-100%
 healing                1   healing       85%  76%-100%

Skills:
 Fighting Skills
   bare handed combat [Unskilled]
 Weapon Skills
   club               [Unskilled]
   mace               [Skilled]
   morning star       [Unskilled]
   flail              [Unskilled]
   hammer             [Unskilled]
   quarterstaff       [Unskilled]
   polearms           [Unskilled]
   spear              [Unskilled]
   trident            [Unskilled]
   lance              [Unskilled]
   bow                [Unskilled]
   sling              [Unskilled]
   crossbow           [Unskilled]
   dart               [Unskilled]
   shuriken           [Unskilled]
   boomerang          [Unskilled]
   unicorn horn       [Unskilled]
 Spellcasting Skills
   healing spells     [Unskilled]
   divination spells  [Unskilled]
   clerical spells    [Basic]

Voluntary challenges:
 Character rerolling was not enabled.
 You were an atheist.
 You never genocided any monsters.
 You never polymorphed an object.
 You never changed form.
 You used no wishes.
Achievements:
 You attained the rank of Acolyte.
 You entered the Gnomish Mines.
 You entered Minetown.
 You attained the rank of Adept.

 The Dungeons of Doom: levels 1 to 5
    Level 1:
       A fountain.
    Level 2:
       A fountain.
    Level 3: "empty vault"
    Level 4: "empty vault"
       An altar to Tyr.
       Stairs down to The Gnomish Mines.
    Level 5: "vault door in stairs up"
 The Gnomish Mines: levels 5 to 8
    Level 5:
    Level 6:
    Level 7:
    Level 8: <- You were here.
       Final resting place for
          you, killed by a panther.


Vanquished creatures:
  a leprechaun
  3 lizards
  2 Mordor orcs
  a rock piercer
  a pony
  a shrieker
  a violet fungus
  6 gnome leaders
  a straw golem
  a little dog
  3 dwarves
  a kobold shaman
 12 hill orcs
  2 rothes
  a giant bat
  a monkey
  2 dwarf zombies
 an iguana
 an acid blob
  a gas spore
  a manes
 an orc
  3 giant rats
  a yellow mold
 22 gnomes
  5 garter snakes
  a gnome zombie
  6 geckos
  4 jackals
  a fox
  a kobold
  2 goblins
  3 sewer rats
  a grid bug
  a bat
  a lichen
  a kobold zombie
  7 newts
105 creatures vanquished.

No species were genocided or became extinct.

Game over:
                       ----------
                      /          \
                     /    REST    \
                    /      IN      \
                   /     PEACE      \
                  /                  \
                  |      DaveT       |
                  |     4301 Au      |
                  |   killed by a    |
                  |     panther      |
                  |                  |
                  |                  |
                  |       2026       |
                 *|     *  *  *      | *
        _________)/\\_//(\/(/\)/\//\/|_)_______

Goodbye DaveT the Priest...

You died in The Gnomish Mines on dungeon level 8 with 7389 points,
and 4301 pieces of gold, after 4333 moves.
You were level 7 with a maximum of 54 hit points when you died.

